 Dungeon Crawl Stone Soup version 0.21-a0-401-g0b6bec4 (webtiles) character file.

49 Mitsuki the Skirmisher (level 3, 0/33 HPs)
             Began as a Hill Orc Fighter on Oct 25, 2017.
             Slain by Sassnadas's ghost (7 damage)
             ... on level 3 of the Dungeon.
             The game lasted 00:02:28 (1515 turns).

Mitsuki the Skirmisher (Hill Orc Fighter)           Turns: 1515, Time: 00:02:28

Health: 0/33       AC: 12    Str: 19    XL:     3   Next: 77%
Magic:  0/3        EV:  7    Int:  8    God:
Gold:   142        SH:  9    Dex: 10    Spells: 2/2 levels left

rFire    . . .     SeeInvis .   a - +0 flail
rCold    . . .     Gourm    .   c - +0 shield
rNeg     + . .     Faith    .   b - +0 scale mail
rPois    .         Spirit   +   (no helmet)
rElec    .         Reflect  .   (no cloak)
rCorr    .         Harm     .   (no gloves)
MR       .....                  (no boots)
Stlth    ..........             m - amulet of guardian spirit
HPRegen  0.11/turn              h - ring of positive energy
MPRegen  0.08/turn              i - +5 ring of protection

@: no status effects
A: no striking features
a: no special abilities


You were on level 3 of the Dungeon.
You were not hungry.

You visited 1 branch of the dungeon, and saw 3 of its levels.

You collected 142 gold pieces.

Inventory:

Hand Weapons
 a - a +0 flail (weapon)
Missiles
 q - 2 throwing nets (quivered)
Armour
 b - a +0 scale mail (worn)
 c - a +0 shield (worn)
Jewellery
 g - a +3 ring of intelligence {unknown}
 h - a ring of positive energy (left hand)
 i - a +5 ring of protection (right hand)
 m - an amulet of guardian spirit (around neck)
Scrolls
 j - a scroll of enchant armour {unknown}
 l - a scroll of remove curse {unknown}
 n - a scroll of fear {unknown}
 o - 2 scrolls of teleportation {unknown}
Potions
 d - a potion of might
 e - a potion of curing {unknown}
 k - a potion of magic {unknown}
 p - a potion of invisibility {unknown}
 s - a potion of cancellation {unknown}
Comestibles
 f - a bread ration
 r - 2 meat rations


   Skills:
 + Level 4.1 Fighting
 + Level 2.8 Maces & Flails
 + Level 3.8 Armour
 + Level 3.8 Shields


You had 2 spell levels left.
You didn't know any spells.

Dungeon Overview and Level Annotations

Branches:
Dungeon (3/15)

Altars:

Annotations:
D:3 Sassnadas's ghost, amateur FoFi


Message History

Sassnadas's ghost is moderately damaged.
Sassnadas's ghost hits you. x2
You take 4 damage, and have 16/33 hp.
You now have 1/3 mp.
You hit Sassnadas's ghost.
Sassnadas's ghost is heavily damaged.
Sassnadas's ghost hits you.
You take 3 damage, and have 13/33 hp.
You hit Sassnadas's ghost.
Sassnadas's ghost is heavily damaged.
You block Sassnadas's ghost's attack.
You hit Sassnadas's ghost.
Sassnadas's ghost is heavily damaged.
Sassnadas's ghost hits you!
* * * LOW HITPOINT WARNING * * *
You block Sassnadas's ghost's attack.
You take 6 damage, and have 7/33 hp.
You barely miss Sassnadas's ghost.
Sassnadas's ghost is heavily damaged.
Sassnadas's ghost hits you!
You die...

### #.. ###.##### ###
.......#
....######.#...###...
.........W.+.@.......
....#..##.#W...#....
# #..##...........
#..##########...
#W......... #+
#W.....########
........ .........
##########


You could see Sassnadas's ghost.

Vanquished Creatures
  An adder (D:2)
  A leopard gecko (D:2)
  A giant cockroach (D:2)
  5 goblins
  4 hobgoblins
  6 jackals
  8 kobolds
  A ball python (D:2)
  2 bats (D:1)
  4 frilled lizards
  2 rats (D:2)
35 creatures vanquished.

Notes
Turn   | Place    | Note
-------+----------+-------------------------------------------
     0 | D:1      | Mitsuki the Hill Orc Fighter began the quest for the Orb.
     0 | D:1      | Reached XP level 1. HP: 19/19 MP: 1/1
    71 | D:1      | Reached XP level 2. HP: 27/27 MP: 2/2
   633 | D:2      | Reached skill level 4 in Fighting
   633 | D:2      | Reached XP level 3. HP: 27/33 MP: 1/3
  1491 | D:3      | Noticed Sassnadas's ghost (amateur FoFi)
  1515 | D:3      | Slain by Sassnadas's ghost

Vault maps used:
D:1:      minmay_arrival_loop
D:3:      kiku_gazebo_garden_becter

Skill      XL: |  1  2 |
---------------+-------+-----
Fighting       | 4 |  4.1
Maces & Flails | |  2.8
Armour         | |  3.8
Shields        | |  3.8

Action                   || total
-------------------------++-------
Melee: Flail             ||   154
  Eat: Chunk             ||     2
Armor: Scale mail        ||    83
Dodge: Dodged            ||    56
Block: Shield            ||    97

Table legend:
 A = Spawn XP
 B = Non-spawn XP
 C = Spawn XP percentage of total XP
 D = Spawn monster count
 E = Non-spawn monster count
 F = Spawn count percentage of total count
 G = Total turns spent on level
                    A         B        C        D         E        F      G
               +---------+---------+-------+---------+---------+-------+---------
         Total |       0 |      71 |   0.0 |       0 |      35 |   0.0 |  1515
               +---------+---------+-------+---------+---------+-------+---------
           D:1 |       0 |      29 |   0.0 |       0 |      17 |   0.0 |   527
           D:2 |       0 |      42 |   0.0 |       0 |      18 |   0.0 |   954
               +---------+---------+-------+---------+---------+-------+---------
